 Dungeon Crawl Stone Soup version 0.29.1-1-gd02db6906a (webtiles) character file.

Game seed: 14258874476736862134

48 Ashen the Chiller (level 3, 0/26 HPs)
             Began as a Demonspawn Ice Elementalist on Sept 30, 2022.
             Slain by an orc
             ... wielding a +0 hand axe
              (4 damage)
             ... on level 2 of the Dungeon.
             The game lasted 00:03:18 (1737 turns).

Ashen the Chiller (Demonspawn Ice Elementalist)     Turns: 1737, Time: 00:03:20

Health: 0/26       AC:  4    Str:  8    XL:     3   Next: 50%
Magic:  6/6        EV: 12    Int: 18    God:
Gold:   94         SH:  0    Dex: 13    Spells: 3/7 levels left

rFire   . . .      SeeInvis .   d - +0 short sword
rCold   . . .      Faith    .   (no shield)
rNeg    . . .      Spirit   .   a - +0 robe
rPois   .          Reflect  .   (no helmet)
rElec   .          Harm     .   (no cloak)
rCorr   .          Rampage  .   (no gloves)
Will    .....                   (no boots)
Stlth   ++........              (no amulet)
HPRegen 0.08/turn               (no ring)
MPRegen 0.10/turn               (no ring)

@: no status effects
A: slimy green scales 1, weakness stinger 1
a: no special abilities


You were on level 2 of the Dungeon.
You visited 1 branch of the dungeon, and saw 2 of its levels.

You collected 94 gold pieces.

Inventory:

Hand Weapons
 d - a +0 short sword (weapon)
 e - a +2 dagger of speed
Missiles
 i - 5 javelins
Armour
 a - a +0 robe (worn)
Magical Staves
 h - a staff of air
Jewellery
 g - a ring of wizardry
Scrolls
 f - a scroll of noise {unknown}
 j - a scroll of fog {unknown}
 k - a scroll of teleportation {unknown}
 l - a scroll of summoning {unknown}
 m - a scroll of poison {unknown}
Potions
 c - a potion of invisibility {unknown}
 n - a potion of attraction {unknown}


   Skills:
 + Level 1.0 Fighting
 + Level 2.1 Dodging
 + Level 2.1 Stealth
 * Level 2.6 Spellcasting
 * Level 3.9 Ice Magic


You had 3 spell levels left.
You knew the following spells:

 Your Spells              Type           Power      Damage    Failure   Level
a - Freeze                Ice            64%        1d8       3%          1
b - Frozen Ramparts       Ice            32%        1d5       10%         3

Your spell library contained the following spells:

 Spells                   Type           Power      Damage    Failure   Level
 Ozocubu's Armour         Ice            16%        N/A       10%         3
 Summon Small Mammal      Summ           8%         N/A       17%         1
 Static Discharge         Conj/Air       2%         3-4/arc   26%         2
 Call Canine Familiar     Summ           2%         N/A       45%         3
 Summon Guardian Golem    Hex/Summ       2%         N/A       45%         3
 Hailstorm                Conj/Ice       9%         3d4       58%         4
 Lightning Bolt           Conj/Air       1%         1d12      99%         5
 Maxwell's Capacitive Co  Air            1%         ∞         100%        8


Dungeon Overview and Level Annotations

Branches:
Dungeon (2/15)

Altars:


Innate Abilities, Weirdness & Mutations

You are partially covered in slimy green scales. (AC +2)
You have a small tail.


Message History

Items here: )) ††.
Things that are here:
a +0 short sword; an orc corpse The orc shouts!
The orc hits you with a +0 hand axe.
You are too injured to fight recklessly!
You are too injured to fight recklessly!
Casting: Freeze (safe; 3% risk of failure)
Confirm with . or Enter, or press ? or * to list all spells.
Aiming: Freeze (safe; 3% risk of failure)
Press: ? - help, Shift-Dir - straight line, f - orc
Aim: an orc, wielding a +0 hand axe You freeze the orc.
The orc is lightly wounded.
The orc hits you with a +0 hand axe.
* * * LOW HITPOINT WARNING * * *
Casting: Freeze (safe; 3% risk of failure)
Confirm with . or Enter, or press ? or * to list all spells.
Aiming: Freeze (safe; 3% risk of failure)
Press: ? - help, Shift-Dir - straight line, f/p - orc
Aim: an orc, wielding a +0 hand axe (lightly wounded)
You freeze the orc.
The orc is moderately wounded.
The orc hits you but does no damage.
Things that are here:
a +0 short sword; an orc corpse
Items here: )) ††.
The orc attacks as you move away! The orc barely misses you.
The orc attacks as you move away! The orc hits you with a +0 hand axe.
* * * LOW HITPOINT WARNING * * *
Magic courses through your body. The orc barely misses you.
Casting: Freeze (safe; 3% risk of failure)
Confirm with . or Enter, or press ? or * to list all spells.
Aiming: Freeze (safe; 3% risk of failure)
Press: ? - help, Shift-Dir - straight line, f/p - orc
Aim: an orc, wielding a +0 hand axe (moderately wounded)
You freeze the orc.
The orc is severely wounded.
The orc hits you with a +0 hand axe.
You die...

............#
.........##.#
.........##.#
.........##.######
.........+.......#
.........##.####.#
.........'..# #.#
.........#### #.#
............. #@#
####'#+####### #o#
.# #.# ..... #.# #
.# #.# ......#.#.#
.###.# ......#)#.#
.'...# .......)..#
.#####
......#.#....#
...#
...#..#.#.#...#
†#.# ..... #.# #
..#


You could see an orc.

Vanquished Creatures
  A worm (D:2)
  2 dart slugs
  3 orcs (D:2)
  5 ball pythons
  2 bats
  2 endoplasms
  A giant cockroach (D:1)
  3 hobgoblins (D:1)
  A jackal (D:1)
  5 kobolds (D:1)
  A quokka (D:1)
  6 frilled lizards
  A goblin (D:1)
  4 rats
37 creatures vanquished.

Notes
Turn   | Place    | Note
-------+----------+-------------------------------------------
     0 | D:1      | Ashen the Demonspawn Ice Elementalist began the quest for
                  | the Orb.
     0 | D:1      | Reached XP level 1. HP: 13/13 MP: 3/3
   493 | D:1      | Gained mutation: You are partially covered in slimy green
                  | scales. (AC +2) [demonic ancestry]
   493 | D:1      | Reached XP level 2. HP: 19/20 MP: 5/5
   963 | D:1      | Gained mutation: You have a small tail. [demonic ancestry]
   963 | D:1      | Reached XP level 3. HP: 16/25 MP: 1/6
  1272 | D:1      | Learned a level 3 spell: Frozen Ramparts
  1699 | D:2      | Reached skill level 1 in Fighting
  1737 | D:2      | Slain by an orc

Illustrated notes

Levels and vault maps discovered:
D:1:      dpeg_arrival_signposts, layout_loops_ring, minmay_pentomino_p4
D:2:      minmay_spotlight, layout_basic, basic_altar, grunt_ministairs_7

Skill      XL: |  1  2  3 |
---------------+----------+-----
Dodging        | 2 |  2.1
Stealth        | 2 |  2.1
Fighting       | 1 |  1.0
Spellcasting   | |  2.6
Ice Magic      | |  3.9

Action                   || total
-------------------------++-------
Melee: Unarmed           ||     8
       Short sword       ||    59
       Tailslap          ||     5
 Cast: Freeze            ||    32
       Frozen Ramparts   ||     1
  Use: Potion            ||     1
 Stab: Sleeping          ||     8
Armor: Robe              ||    21
Dodge: Dodged            ||    64
